 Dungeon Crawl Stone Soup version 0.30-a0-930-gb9d0489357 (webtiles) character file.

Game seed: 4617099571786173671

5289 voltaire321 the Covert (level 10, -2/66 HPs)
             Began as an Octopode Venom Mage on Mar 23, 2023.
             Was a Believer of Vehumet.
             Slain by an ice beast (13 damage)
             ... on level 8 of the Dungeon.
             The game lasted 00:38:09 (9499 turns).

voltaire321 the Covert (Octopode Venom Mage)        Turns: 9499, Time: 00:38:09

Health: -2/66      AC:  1    Str:  8    XL:     10   Next: 63%
Magic:  5/18       EV: 13    Int: 22    God:    Vehumet [**....]
Gold:   420        SH: 13    Dex: 12    Spells: 4/19 levels left

rFire   . . .      SeeInvis .    m - staff of poison
rCold   . . .      Faith    .    Q - +0 kite shield
rNeg    . . .      Spirit   .    (helmet restricted)
rPois   +          Reflect  +    k - amulet of reflection
rElec   .          Rampage  .    j - ring of wizardry
rCorr   .                        r - +4 ring of slaying
Will    +....                    C - ring of willpower
Stlth   +++++                    (no ring)
HPRegen 0.31/turn                (no ring)
MPRegen 0.16/turn                (no ring)
                                 (no ring)
                                 (no ring)

@: no status effects
A: almost no armour, amphibious, 8 rings, camouflage 1, gelatinous body 1,
(nimble swimmer 1), tentacles
a: Renounce Religion


You were on level 8 of the Dungeon.
You worshipped Vehumet.
Vehumet was pleased with you.
You visited 2 branches of the dungeon, and saw 9 of its levels.
You also visited: Sewer, Ossuary and Bailey.

You collected 420 gold pieces.

Inventory:

Hand Weapons
 e - a +0 short sword of draining
 D - a +4 dagger
 S - the +10 triple crossbow "Bihimn" {freeze, rF+ Int+6}
   (You found it in a bailey)

   Int:       It affects your intelligence (+6).
   rF:        It protects you from fire.
Missiles
 N - 2 throwing nets
Armour
 Q - a +0 kite shield (worn)
Magical Staves
 m - a staff of poison (weapon)
Jewellery
 j - a ring of wizardry (left tentacle)
 k - an amulet of reflection (around mantle)
 r - a +4 ring of slaying (right tentacle)
 C - a ring of willpower (on tentacle)
 G - an amulet of magic regeneration
 M - an amulet of regeneration
Wands
 n - a wand of mindburst (28)
 E - a wand of quicksilver (8)
 J - a wand of iceblast (9)
 O - a wand of charming (7)
Scrolls
 c - 4 scrolls of enchant weapon
 d - 5 scrolls of teleportation
 f - 2 scrolls of amnesia {unknown}
 l - 3 scrolls of immolation {unknown}
 p - 2 scrolls of magic mapping
 q - a scroll of acquirement {unknown}
 t - 3 scrolls of poison {unknown}
 v - a scroll of fear {unknown}
 y - a scroll of torment {unknown}
 A - a scroll of silence {unknown}
 F - a scroll of blinking {unknown}
 H - 3 scrolls of fog {unknown}
 K - a scroll of noise {unknown}
 L - 4 scrolls of identify
 P - a scroll of vulnerability {unknown}
Potions
 a - 5 potions of magic
 b - a potion of invisibility
 g - 3 potions of lignification {unknown}
 h - a potion of haste {unknown}
 i - 4 potions of heal wounds
 o - 3 potions of degeneration
 s - 2 potions of cancellation {unknown}
 u - 4 potions of curing
 w - 3 potions of flight
 x - a potion of berserk rage {unknown}
 z - a potion of resistance {unknown}
 B - 3 potions of mutation {unknown}
 I - a potion of brilliance
 R - a potion of ambrosia {unknown}


   Skills:
 + Level 5.1 Fighting
 + Level 5.5 Dodging
 + Level 8.1 Stealth
 + Level 3.0 Shields
 + Level 5.4 Spellcasting
 - Level 5.0 Conjurations
 - Level 3.0 Transmutations
 - Level 2.0 Air Magic
 + Level 4.2 Earth Magic
 + Level 7.3 Poison Magic
 - Level 5.0 Evocations


You had 4 spell levels left.
You knew the following spells:

 Your Spells              Type           Power      Damage    Failure   Level
a - Sting                 Tmut/Pois      100%       1d8       1%          1
b - Poisonous Vapours     Pois/Air       78%        N/A       2%          2
c - Mephitic Cloud        Conj/Pois/Air  40%        N/A       5%          3
d - Olgreb's Toxic Radia  Pois           55%        N/A       6%          4
e - Stone Arrow           Conj/Erth      52%        3d10      6%          3
f - Passwall              Tmut/Erth      17%        N/A       4%          2

Your spell library contained the following spells:

 Spells                   Type           Power      Damage    Failure   Level
 Momentum Strike          Conj/Tloc      32%        3d8       6%          2
 Sandblast                Erth           48%        2d12      2%          1
 Ozocubu's Armour         Ice            5%         N/A       32%         3
 Tukima's Dance           Hex            5%         N/A       32%         3
 Passage of Golubria      Tloc           5%         N/A       71%         4
 Alistair's Intoxication  Tmut/Pois      28%        N/A       36%         5
 Borgnjor's Vile Clutch   Necr/Erth      7%         N/A       77%         5
 Yara's Violent Unravell  Hex/Tmut       6%         3d5       85%         5
 Eringya's Noxious Bog    Tmut/Pois      21%        N/A       89%         6
 Ozocubu's Refrigeration  Ice            2%         4d8       100%        7


Dungeon Overview and Level Annotations

Branches:
Dungeon (8/15)             Temple (1/1) D:7            Lair (0/5) D:8
  Sewer (visited)         Ossuary (visited)          Bailey (visited)

Altars:
Ashenzari
Cheibriados
Dithmenos
Elyvilon
Gozag
Kikubaaqudgha
Okawaru
Qazlal
Sif Muna
Vehumet
Wu Jian
Yredelemnul
The Shining One

Shops:
D:2 (

Annotations:
D:2 Sigmund
D:8 3 runed translucent doors


Innate Abilities, Weirdness & Mutations

You cannot wear most types of armour.
You are amphibious.
You can wear up to eight rings at the same time.
Your skin changes colour to match your surroundings (Stealth+).
Your rubbery body absorbs attacks. (AC +1, EV +1)
((You are camouflaged when in or above water. (Stealth+)))
You have tentacles for arms and can constrict up to eight enemies at once.


Message History

The stone arrow hits the ice beast!
The ice beast is heavily wounded.
The jelly jiggles.
The ice beast hits you. The ice beast freezes you!
Casting: Stone Arrow (dangerous; 6% risk of failure)
Confirm with . or Enter, or press ? or * to list all spells.
Aiming: Stone Arrow (dangerous; 6% risk of failure)
Press: ? - help, Shift-Dir - straight line, f/p - ice beast
Aim: an ice beast (71% to hit)
The stone arrow hits the ice beast!
The ice beast is almost dead.
The ice beast hits you. The ice beast freezes you!
Casting: Stone Arrow (dangerous; 6% risk of failure)
Confirm with . or Enter, or press ? or * to list all spells.
Aiming: Stone Arrow (dangerous; 6% risk of failure)
Press: ? - help, Shift-Dir - straight line, f/p - ice beast
Aim: an ice beast (71% to hit)
The stone arrow hits the ice beast!
You kill the ice beast!
Vehumet accepts your kill.
You barely miss the ice beast. You squeeze the ice beast!
The ice beast is moderately wounded.
You block the ice beast's attack.
You barely miss the ice beast.
The ice beast is moderately wounded.
The ice beast misses you.
You hit the ice beast.
You envenom the ice beast.
The ice beast is poisoned.
The ice beast is heavily wounded.
You block the ice beast's attack. x2
You hit the ice beast. Your squeeze misses the ice beast.
The ice beast is severely wounded.
The ice beast hits you. The ice beast freezes you!
You hit the ice beast but do no damage. Your squeeze misses the ice beast.
The ice beast is severely wounded.
The ice beast hits you. The ice beast freezes you!
* * * LOW HITPOINT WARNING * * *
The ice beast hits you.
* * * LOW HITPOINT WARNING * * *
The ice beast freezes you!
You die...

.........####.##.#.#
........##.........#
.......#.#......#
####......#...<.# #
..............##
..........###..#
.....#......##J#
............##Y#
#.#....##....#@# .
##.#. #....#....#
......#.........#
..W..#.$.....##.# .>
....#....# .# ...)
#......## . ..#
....###.#...# #
...###.#.#.....#
....#...#.#...~#


You could see an ice beast (poisoned) and a jelly.

Vanquished Creatures
  An orc knight (Bailey)
  Prince Ribbit (D:7)
  Eustachio (D:6)
  12 orc warriors
  9 ice beasts
  2 ogres
  A centaur (D:7)
  A kobold brigand (D:6)
  3 bullfrogs
  A gnoll sergeant (D:7)
  8 scorpions
  A wight (D:8)
  3 killer bees (D:8)
  3 howler monkeys (D:8)
  2 human zombies (Ossuary)
  3 centaur zombies (Ossuary)
  4 jellies
  2 orc priests (D:8)
  A hound (D:4)
  2 iguanas (D:5)
  9 orc wizards
  6 scorpion zombies (Ossuary)
  3 mummies (Ossuary)
  14 gnolls
  5 adders
  A river rat (Sewer)
  A shadow imp (D:6)
  2 white imps
  An ufetubus (D:6)
  4 worms
  A dart slug (D:2)
  46 orcs
  6 bats
  15 endoplasms
  6 giant cockroaches
  3 gnoll zombies (Ossuary)
  8 goblins
  4 hobgoblins
  6 quokkas
  8 ball pythons
  11 frilled lizards
  3 goblin zombies (Ossuary)
  A hobgoblin zombie (Ossuary)
  8 kobolds
  3 orc zombies (Ossuary)
  10 rats
  A rat zombie (D:4)
247 creatures vanquished.

Vanquished Creatures (others)
  A fungus (D:8)
  3 plants (D:8)
4 creatures vanquished.

Grand Total: 251 creatures vanquished

Notes
Turn   | Place    | Note
-------+----------+-------------------------------------------
     0 | D:1      | voltaire321 the Octopode Venom Mage began the quest for the
                  | Orb.
     0 | D:1      | Reached XP level 1. HP: 11/11 MP: 3/3
   182 | D:1      | Reached XP level 2. HP: 18/18 MP: 3/5
   639 | D:1      | Reached skill level 3 in Stealth
  1112 | D:2      | Reached XP level 3. HP: 22/22 MP: 2/6
  1124 | D:2      | Learned a level 2 spell: Poisonous Vapours
  1161 | D:2      | Found Atiessu's Weapon Emporium.
  1284 | D:2      | Reached skill level 1 in Fighting
  1342 | D:2      | Noticed Sigmund
  1819 | D:3      | Learned a level 3 spell: Mephitic Cloud
  2034 | D:3      | Reached XP level 4. HP: 28/28 MP: 3/7
  2444 | D:4      | Noticed an ogre
  2445 | D:4      | Identified the +6 chain mail "Awkuifea" {rPois Will++ Int+3
                  | Dex-5}
  2452 | D:4      | Killed an ogre
  2453 | D:4      | Reached skill level 1 in Conjurations
  2453 | D:4      | Reached skill level 1 in Air Magic
  2453 | D:4      | Reached skill level 1 in Evocations
  2453 | D:4      | Reached XP level 5. HP: 33/33 MP: 3/9
  2501 | D:4      | Found a sand-covered staircase.
  2512 | Ossuary  | Entered an ossuary
  2532 | Ossuary  | Reached skill level 4 in Stealth
  2532 | Ossuary  | Reached XP level 6. HP: 23/39 MP: 8/10
  2800 | Ossuary  | Reached XP level 7. HP: 41/45 MP: 8/11
  3205 | Ossuary  | Reached skill level 5 in Stealth
  3476 | D:4      | Reached XP level 8. HP: 51/51 MP: 11/13
  3574 | D:4      | Learned a level 4 spell: Olgreb's Toxic Radiance
  3578 | D:4      | Learned a level 3 spell: Stone Arrow
  3597 | D:4      | Reached skill level 5 in Poison Magic
  3910 | D:5      | Entered Level 5 of the Dungeon
  4028 | D:5      | Found a glowing drain.
  4050 | Sewer    | Entered a sewer
  4492 | Sewer    | Found a viscous altar of Jiyva.
  4961 | D:5      | Reached skill level 1 in Earth Magic
  5296 | D:5      | Found a shimmering blue altar of Sif Muna.
  5548 | D:6      | Noticed Eustachio
  5573 | D:6      | Killed Eustachio
  5575 | D:6      | Reached skill level 6 in Stealth
  5779 | D:6      | Reached XP level 9. HP: 11/58 MP: 15/15
  6787 | D:7      | Noticed Prince Ribbit
  6795 | D:7      | Killed Prince Ribbit
  6875 | D:7      | Found a basalt altar of Yredelemnul.
  7414 | D:7      | Found a faded altar of an unknown god.
  7415 | D:7      | Found a staircase to the Ecumenical Temple.
  7422 | D:7      | Reached skill level 7 in Stealth
  7440 | Temple   | Entered the Ecumenical Temple
  7518 | Temple   | Became a worshipper of Vehumet
  7586 | D:7      | Found a faded altar of an unknown god.
  7586 | D:7      | Found a faded altar of an unknown god.
  7593 | D:7      | Found a shadowy altar of Dithmenos.
  7595 | D:7      | Found an ornate altar of the Wu Jian Council.
  7597 | D:7      | Found a glowing golden altar of the Shining One.
  7970 | D:8      | Reached skill level 1 in Shields
  8024 | D:8      | Found a flagged portal.
  8031 | Bailey   | Entered a bailey
  8237 | Bailey   | Reached * piety under Vehumet
  8237 | Bailey   | Offered knowledge of Freeze by Vehumet.
  8243 | Bailey   | Learned a level 2 spell: Passwall
  8322 | Bailey   | Reached XP level 10. HP: 65/65 MP: 12/17
  8324 | Bailey   | Reached skill level 5 in Dodging
  8324 | Bailey   | Reached skill level 5 in Spellcasting
  8718 | Bailey   | Noticed an orc knight
  8775 | Bailey   | Killed an orc knight
  8776 | Bailey   | Reached skill level 5 in Evocations
  8959 | Bailey   | Identified the +10 triple crossbow "Bihimn" {freeze, rF+
                  | Int+6}
  9149 | D:8      | Found a runed translucent gate.
  9149 | D:8      | Found a runed translucent gate.
  9150 | D:8      | Found a runed translucent gate.
  9156 | D:8      | Reached skill level 5 in Fighting
  9160 | D:8      | Reached ** piety under Vehumet
  9161 | D:8      | Reached skill level 8 in Stealth
  9164 | D:8      | Offered knowledge of Momentum Strike by Vehumet.
  9165 | D:8      | Reached skill level 5 in Conjurations
  9363 | D:8      | Found a staircase to the Lair.
  9499 | D:8      | Slain by an ice beast

Illustrated notes

Levels and vault maps discovered:
D:1:      minmay_arrival_four_loops, layout_basic, dreamdust_princess_corridor
D:2:      layout_basic, serial_shops, shop, uniq_sigmund
D:3:      layout_rooms
D:4:      layout_loops_ring, enter_ossuary_3
D:5:      layout_loops_ring, kennysheep_orc_sif_temple, portal_sewer_entry_f
D:6:      layout_loops_cross, uniq_eustachio
D:7:      layout_loops_ring, yredelemnul_altar_generic,
          chequers_temple_overflow_minitemple, nicolae_temple_entry_ecumenical,
          nrook_mini_backslash, uniq_prince_ribbit1
D:8:      layout_rooms, hellmonk_lair_entry_icy, gammafunk_ghost_nasty_kobolds,
          enter_bailey_2
Temple:   nicolae_temple_bog_church

Skill      XL: |  1  2  3  4  5  6  7  8  9 10 |
---------------+-------------------------------+-----
Stealth        | 3 4 5 6 7 8 |  8.1
Fighting       | 1 2 3 4 5 |  5.1
Poison Magic   | 4 5 6 7 |  7.3
Conjurations   | 1 2 3 4 5 |  5.0
Transmutations | 2 3 |  3.0
Air Magic      | 1 2 |  2.0
Evocations     | 1 2 3 4 5 |  5.0
Dodging        | 3 4 5 |  5.5
Spellcasting   | 3 4 5 |  5.4
Earth Magic    | 2 3 4 |  4.2
Shields        | 1 3 |  3.0

Action                     |  1- 3 |  4- 6 |  7- 9 | 10-12 || total
---------------------------+-------+-------+-------+-------++-------
  Melee: Dagger            |     4 |       |       |       ||     4
         Constrict         |     9 |    11 |    37 |     4 ||    61
         Tentacles         |     8 |    18 |    54 |     5 ||    85
         Short sword       |     6 |       |       |       ||     6
         Staff             |    25 |    54 |   200 |    21 ||   300
         Punch             |       |     3 |     2 |     1 ||     6
   Cast: Sting             |    50 |    22 |   107 |    23 ||   202
         Poisonous Vapours |       |       |     5 |       ||     5
         Olgreb's Toxic Ra |       |       |    19 |     8 ||    27
         Stone Arrow       |       |       |     9 |    21 ||    30
    Use: Scroll            |       |       |     9 |     1 ||    10
   Stab: Sleeping          |     2 |       |    11 |       ||    13
 Armour: Skin              |     5 |     3 |     7 |       ||    15
  Dodge: Dodged            |    23 |    28 |   125 |    32 ||   208
  Block: Other             |     1 |    15 |    28 |       ||    44
         Reflection        |       |       |    19 |     1 ||    20
         Kite shield       |       |       |    19 |    37 ||    56

Table legend: (Time is in decaauts)
 A = Elapsed time spent in this place.
 B = Non-inter-level travel time spent in this place.
 C = Inter-level travel time spent in this place.
 D = Time resting spent in this place.
 E = Time spent auto-exploring this place.
 F = Levels seen in this place.
 G = Mean time per level.
                   A        B        C        D        E       F      G
               +--------+--------+--------+--------+--------+-----+--------+
         Total |   9557 |   9197 |    360 |   2371 |   4297 |  12 |  796.4 |
       Dungeon |   6880 |   6520 |    360 |    968 |   3929 |   8 |  860.0 |
        Temple |     86 |     86 |      0 |      0 |     71 |   1 |   86.0 |
         Sewer |    678 |    678 |      0 |    403 |     27 |   1 |  678.0 |
       Ossuary |    973 |    973 |      0 |    526 |     53 |   1 |  973.0 |
        Bailey |    938 |    938 |      0 |    474 |    217 |   1 |  938.0 |
               +--------+--------+--------+--------+--------+-----+--------+

Top non-repeatable levels by time:
     D:6: 1191 daAuts
     D:7: 1089 daAuts
 Ossuary: 973 daAuts
     D:5: 949 daAuts
  Bailey: 938 daAuts
     D:1: 882 daAuts
     D:2: 845 daAuts
     D:4: 724 daAuts
   Sewer: 678 daAuts
     D:8: 644 daAuts
     D:3: 552 daAuts
  Temple: 86 daAuts
